 Dungeon Crawl Stone Soup version 0.21-a0-404-g291f19a (webtiles) character file.

18348 KristoblXynda the Nimble (level 12, -2/87 HPs)
             Began as a Spriggan Berserker on Oct 29, 2017.
             Was a High Priest of Trog.
             Killed from afar by an ice statue (29 damage)
             ... with a shard of ice
             ... in an ice cave.
             The game lasted 00:32:49 (17844 turns).

KristoblXynda the Nimble (Spriggan Berserker)      Turns: 17844, Time: 00:32:50

Health: -2/87      AC:  7    Str: 18    XL:     12   Next: 26%
Magic:  20/20      EV: 28    Int: 11    God:    Trog [*****.]
Gold:   769        SH:  9    Dex: 18    Spells: 11/11 levels left

rFire    + . .     SeeInvis +   v - +5 scimitar (holy)
rCold    . . .     Gourm    .   u - +2 buckler {rF+}
rNeg     . . .     Faith    .   J - +0 steam dragon scales
rPois    .         Spirit   .   q - +2 hat
rElec    .         Reflect  .   (no cloak)
rCorr    .         Harm     .   (gloves unavailable)
MR       +++..                  (boots unavailable)
Stlth    ..........             (no amulet)
HPRegen  0.24/turn              L - ring of protection from magic
MPRegen  0.17/turn              B - +3 ring of slaying

@: berserking, very quick
A: unfitting armour, see invisible, herbivore 3, speed 3, slow metabolism 2
a: Berserk, Trog's Hand, Brothers in Arms, Burn Spellbooks, Renounce Religion


You were in an ice cave.
You worshipped Trog.
Trog was extremely pleased with you.
You were not hungry.

You visited 2 branches of the dungeon, and saw 13 of its levels.
You also visited: Ossuary and Ice Cave.

You collected 769 gold pieces.

Inventory:

Hand Weapons
 s - a +2 short sword of venom
 v - a +5 scimitar of holy wrath (weapon)
 y - a +0 scimitar of slicing
 G - a +0 scimitar of flaming
Armour
 q - a +2 hat (worn)
 u - a +2 buckler of fire resistance (worn)
 J - +0 steam dragon scales (worn)
Jewellery
 e - a +3 ring of intelligence
 r - a +2 ring of evasion
 x - an uncursed ring of stealth
 B - a +3 ring of slaying (right hand)
 L - a ring of protection from magic (left hand)
Wands
 C - a wand of paralysis (9/24)
 K - a wand of iceblast (4/15)
Scrolls
 a - a scroll of fear
 b - a scroll of identify
 g - 5 scrolls of teleportation
 j - a scroll of immolation
 l - 10 scrolls of remove curse
 F - a scroll of recharging
 H - a scroll of amnesia
Potions
 d - 4 potions of curing
 f - 2 potions of invisibility
 h - 2 potions of berserk rage
 i - 2 potions of cancellation
 m - a potion of haste
 n - a potion of agility
 o - 5 potions of brilliance
 p - 2 potions of mutation
 t - 5 potions of lignification
 w - 2 potions of ambrosia
 z - 3 potions of flight
 A - a potion of might
 D - a potion of heal wounds
 E - 3 potions of resistance
Books
 M - a book of Party Tricks

   Spells                             Type                      Level
   a - Summon Butterflies             Summoning                    1
   b - Apportation                    Translocation                1
   c - Lesser Beckoning               Translocation                3
   d - Tukima's Dance                 Hexes                        3
   e - Alistair's Intoxication        Transmutation/Poison         5
   f - Invisibility                   Hexes                        6
   Trog disapproves of the use of such an item.
Miscellaneous
 k - a phantom mirror
Comestibles
 c - 7 bread rations
 I - 2 royal jellies


   Skills:
 - Level 4.3 Fighting
 + Level 11.4 Long Blades
 + Level 3.5 Armour
 + Level 11.6 Dodging
 - Level 10.3 Stealth
 - Level 4.4 Shields
 + Level 10.0 Evocations


You had 11 spell levels left.
You didn't know any spells.

Dungeon Overview and Level Annotations

Branches:
Dungeon (12/15)            Temple (0/1) D:6            Lair (1/6) D:10
    Orc (0/2) D:11

Altars:
Ashenzari
Cheibriados
Dithmenos
Fedhas
Gozag
Okawaru
Sif Muna
Trog
Vehumet
Wu Jian
Xom
The Shining One

Annotations:
Lair:1 Gastronok IceCv exclusion: ice statue


Innate Abilities, Weirdness & Mutations

You are very small and have problems with some larger weapons.
You are too small for most types of armour.
You have supernaturally acute eyesight. (SInv)
You are a herbivore.
You cover ground extremely quickly.
You need consume almost no food.


Message History

You hit the ice statue but do no damage.
The ice statue is lightly damaged.
You hit the ice statue but do no damage.
The ice statue is lightly damaged.
You slash the ice statue!
The ice statue is lightly damaged.
You hit the ice statue.
The ice statue is moderately damaged.
The ice statue gestures at you. The freezing blast misses you.
Okay, then.
A red film seems to cover your vision as you go berserk!
You feel yourself moving faster!
You feel mighty!
You feel a lot more hungry.
You are engulfed in freezing vapours.
You hit the ice statue.
The ice statue is moderately damaged.
You are engulfed in freezing vapours.
The ice statue gestures at you. The shard of ice hits you!
You die...

#.#.'.......'.#
#.###.8...8.###
#.#.'.......4.#
#.###.8...8.###
#.#.'.......'.# #
#'######'######'#
#.........§§§§..
####8.#####§8###
##.#[.[#@##
#.#)⌠.#§#
#.#.))#§#
#.##'##.#
#.......#
####8#### ###


You could see an ice statue.

Vanquished Creatures
  The ghost of sagitran the Carver, a journeyman DsGl (IceCv)
  Erica (D:9)
  3 two-headed ogres
  A necromancer (IceCv)
  A deep elf mage (D:11)
  The ghost of TheBloodborn the Cudgeler, a novice GrFi (D:5)
  A black mamba (Lair:1)
  2 ice statues (IceCv)
  A gargoyle (D:10)
  A centaur skeleton (D:11)
  5 ice devils (IceCv)
  A troll (D:11)
  4 polar bears (Lair:1)
  Grinder (D:3)
  Prince Ribbit (D:5)
  3 hippogriffs
  9 yaks
  A human (D:11)
  2 steam dragons (D:11)
  A basilisk (D:12)
  A water moccasin (Lair:1)
  A porcupine (Lair:1)
  5 orc warriors
  3 phantoms
  2 sky beasts
  2 ice beasts (D:12)
  5 black bears
  A necrophage (D:8)
  8 ogres
  An eye of draining (D:11)
  5 centaurs
  2 crocodiles (Lair:1)
  4 big kobolds
  Blork the orc (D:5)
  6 bullfrogs
  A gnoll sergeant (D:6)
  A water moccasin zombie (D:7)
  2 scorpions
  11 killer bees
  4 wights (D:9)
  5 crimson imps
  3 bullfrog zombies
  3 draconian simulacra (IceCv)
  6 centaur zombies
  8 hounds
  6 orc priests
  3 bullfrog skeletons
  4 iguanas
  5 orc wizards
  Ijyb (D:3)
  4 troll simulacra (IceCv)
  8 worker ants
  A spriggan simulacrum (IceCv)
  2 killer bee zombies
  A centaur simulacrum (IceCv)
  3 hound skeletons
  16 mummies (Ossuary)
  A howler monkey zombie (Ossuary)
  A worker ant zombie (Ossuary)
  5 gnolls
  An ogre simulacrum (IceCv)
  9 adders
  4 shadow imps
  3 adder zombies (Ossuary)
  2 adder skeletons
  4 worms
  4 leopard geckos
  22 orcs
  A ball python (D:3)
  A bat (D:2)
  4 giant cockroaches
  6 goblins
  3 hobgoblins (D:1)
  3 quokkas
  A frilled lizard (D:2)
  A giant cockroach zombie (Ossuary)
  2 jackal zombies (Ossuary)
  29 kobolds
  2 leopard gecko skeletons
  A leopard gecko zombie (Ossuary)
  A quokka skeleton (D:7)
  5 quokka zombies
  5 rats
307 creatures vanquished.

Vanquished Creatures (others)
  A bullfrog skeleton (D:11)
  An orc (D:11)
  4 plants (D:11)
6 creatures vanquished.

Grand Total: 313 creatures vanquished

Notes
Turn   | Place    | Note
-------+----------+-------------------------------------------
     0 | D:1      | KristoblXynda the Spriggan Berserker began the quest for the Orb.
     0 | D:1      | Reached XP level 1. HP: 11/11 MP: 2/2
   529 | D:1      | Reached skill level 1 in Stealth
   596 | D:1      | Reached XP level 2. HP: 16/16 MP: 3/3
  1175 | D:2      | Reached XP level 3. HP: 15/19 MP: 4/4
  1251 | D:2      | Found a snail-covered altar of Cheibriados.
  1586 | D:2      | You fall through a shaft for 2 floors!
  1594 | D:4      | Reached skill level 5 in Dodging
  1875 | D:3      | Reached ** piety under Trog
  1901 | D:3      | Reached XP level 4. HP: 16/23 MP: 5/5
  2241 | D:3      | Noticed Grinder
  2368 | D:3      | Killed Grinder
  2368 | D:3      | Reached XP level 5. HP: 26/27 MP: 6/6
  2368 | D:3      | Reached XP level 6. HP: 31/32 MP: 7/7
  2662 | D:3      | Noticed Ijyb
  2672 | D:3      | Killed Ijyb
  3177 | D:4      | Reached skill level 5 in Stealth
  3732 | D:5      | Entered Level 5 of the Dungeon
  3798 | D:5      | Reached skill level 5 in Long Blades
  3854 | D:5      | Noticed TheBloodborn's ghost (novice GrFi)
  3857 | D:5      | Reached XP level 7. HP: 31/35 MP: 8/8
  3957 | D:5      | Killed TheBloodborn's ghost
  4490 | D:5      | Noticed Blork the orc
  4492 | D:5      | Got a crystal quarterstaff
  4501 | D:5      | Killed Blork the orc
  4512 | D:5      | Identified the +5 quarterstaff of the Dark Horse {distort, Int+7} (You found it on level 5 of the Dungeon)
  4802 | D:5      | Found a blossoming altar of Fedhas.
  4817 | D:5      | Reached XP level 8. HP: 39/39 MP: 9/9
  5419 | D:5      | Found an ornate altar of the Wu Jian Council.
  5542 | D:5      | Noticed Prince Ribbit
  5563 | D:5      | Killed Prince Ribbit
  6159 | D:6      | Found a blossoming altar of Fedhas.
  6197 | D:6      | Reached *** piety under Trog
  6629 | D:6      | Reached XP level 9. HP: 19/43 MP: 10/10
  6708 | D:6      | Found a staircase to the Ecumenical Temple.
  7485 | D:7      | Identified 3 scrolls of acquirement
  7581 | D:7      | Reached skill level 10 in Dodging
  7698 | D:7      | Reached skill level 10 in Stealth
  7764 | D:7      | Found a radiant altar of Vehumet.
  7767 | D:7      | Found a shattered altar of Ashenzari.
  7773 | D:7      | Found a glowing golden altar of the Shining One.
  8039 | D:7      | Found a deep blue altar of Sif Muna.
  8039 | D:7      | Found an opulent altar of Gozag.
  8040 | D:7      | Found a shadowy altar of Dithmenos.
  8214 | D:7      | Found a sand-covered staircase.
  8262 | Ossuary  | Entered an ossuary
  8317 | Ossuary  | Reached skill level 1 in Evocations
  8340 | Ossuary  | Reached **** piety under Trog
  8427 | Ossuary  | Reached skill level 1 in Shields
  8957 | D:7      | Reached XP level 10. HP: 36/47 MP: 13/13
  9369 | D:7      | Found a bloodstained altar of Trog.
  9370 | D:7      | Found an iron altar of Okawaru.
 10064 | D:8      | Reached ***** piety under Trog
 11073 | D:9      | Reached skill level 5 in Evocations
 11389 | D:9      | Noticed Erica
 11401 | D:9      | Killed Erica
 11401 | D:9      | Reached skill level 10 in Long Blades
 11792 | D:9      | Noticed a two-headed ogre
 11801 | D:9      | Killed a two-headed ogre
 11872 | D:9      | Found a shimmering altar of Xom.
 11975 | D:10     | Entered Level 10 of the Dungeon
 12012 | D:10     | Found a staircase to the Lair.
 12400 | D:10     | Received a gift from Trog
 12400 | D:10     | Reached XP level 11. HP: 49/51 MP: 16/16
 12859 | Lair:1   | Entered Level 1 of the Lair of Beasts
 13847 | Lair:1   | Noticed Gastronok
 14303 | D:11     | Received a gift from Trog
 14383 | D:11     | Noticed a two-headed ogre
 14412 | D:11     | Killed a two-headed ogre
 14412 | D:11     | Reached skill level 1 in Armour
 14661 | D:11     | Found a staircase to the Orcish Mines.
 14838 | D:11     | Noticed a deep elf mage
 14845 | D:11     | Killed a deep elf mage
 15287 | D:11     | Noticed a two-headed ogre
 15354 | D:11     | Killed a two-headed ogre
 15713 | D:12     | Noticed a red ugly thing
 15716 | D:12     | Found a frozen archway.
 15736 | IceCv    | Entered an ice cave
 15736 | IceCv    | Noticed sagitran's ghost (journeyman DsGl)
 15748 | IceCv    | Killed sagitran's ghost
 15748 | IceCv    | Reached XP level 12. HP: 52/58 MP: 18/20
 17809 | IceCv    | Reached skill level 10 in Evocations
 17844 | IceCv    | Killed from afar by an ice statue

Vault maps used:
D:1:      saegor_arrival_simple_b
D:2:      wad_lake_hut, first_bread, cheibriados_altar_1
D:3:      uniq_grinder, uniq_ijyb
D:5:      lemuel_crystal_altar, lemuel_doored_altar, serial_bayou_lake_a,
          uniq_blork_the_orc, uniq_prince_ribbit1
D:6:      hangedman_cross_stitches, minmay_temple_entry_water_ring,
          fedhas_altar_3
D:7:      grunt_temple_overflow_bloody_war, gammafunk_temple_overflow_claw,
          grunt_temple_overflow_diamond, enter_ossuary_1
D:9:      xom_teletrap_fun, uniq_erica
D:10:     lair_entry_dummy
D:11:     david_orc_3, serial_bayou, serial_bayou_pond_b, serial_bayou_pond_b,
          serial_bayou_crossing, serial_bayou_pond_c, hangedman_stone_soup,
          moated_statue
D:12:     portal_ice_cave_entry_ice_beasts
Lair:1:   beast_lair_carwin_large_1, nicolae_lair_grove_arrangements,
          nicolae_quartered_pool_little, uniq_gastronok
Ossuary:  ossuary_zaba_flooded
IceCv:    ice_cave_tombish

Skill      XL: |  1  2  3  4  5  6  7  8  9 10 11 12 |
---------------+-------------------------------------+-----
Stealth        | 1 2 4 5 7 9 10 | 10.3
Long Blades    | 3 4 5 6 7 9 10 11 | 11.4
Dodging        | 5 6 7 9 10 11 | 11.6
Evocations     | 2 6 9 10 | 10.0
Shields        | 1 3 4 |  4.4
Fighting       | 4 |  4.3
Armour         | 2 3 |  3.5

Action                   |  1- 3 |  4- 6 |  7- 9 | 10-12 || total
-------------------------+-------+-------+-------+-------++-------
Melee: Falchion          |    34 |       |     9 |       ||    43
       Dagger            |    35 |   132 |   167 |       ||   334
       Short sword       |       |       |    95 |    11 ||   106
       Scimitar          |       |       |   150 |   542 ||   692
Invok: Berserk           |     1 |     4 |     5 |     6 ||    16
       Trog's Hand       |       |       |       |     2 ||     2
Evoke: Wand              |       |       |       |     5 ||     5
  Use: Scroll            |       |     5 |    17 |    12 ||    34
       Potion            |       |       |     1 |     4 ||     5
 Stab: Sleeping          |     3 |     6 |     7 |    41 ||    57
       Distracted        |       |       |     7 |     4 ||    11
  Eat: Fruit             |       |     3 |       |     1 ||     4
       Royal jelly       |       |     1 |       |     4 ||     5
       Bread ration      |       |       |     2 |     1 ||     3
Armor: Animal skin       |     2 |     5 |     4 |    13 ||    24
       Skin              |       |       |    19 |       ||    19
       Steam dragon scal |       |       |       |    14 ||    14
Dodge: Dodged            |    47 |    78 |   243 |   351 ||   719
Block: Buckler           |       |       |    36 |   205 ||   241
       Rpst.: Falchion   |     8 |       |     6 |       ||    14
       Scimitar          |       |       |    22 |    86 ||   108

Table legend:
 A = Spawn XP
 B = Non-spawn XP
 C = Spawn XP percentage of total XP
 D = Spawn monster count
 E = Non-spawn monster count
 F = Spawn count percentage of total count
 G = Total turns spent on level
                    A         B        C        D         E        F      G
               +---------+---------+-------+---------+---------+-------+---------
         Total |       0 |   26212 |   0.0 |       0 |     307 |   0.0 | 17844
               +---------+---------+-------+---------+---------+-------+---------
           D:1 |       0 |      16 |   0.0 |       0 |      11 |   0.0 |   969
           D:2 |       0 |      34 |   0.0 |       0 |       7 |   0.0 |   716
           D:3 |       0 |     346 |   0.0 |       0 |      16 |   0.0 |  1054
           D:4 |       0 |     317 |   0.0 |       0 |      17 |   0.0 |   993
           D:5 |       0 |    1377 |   0.0 |       0 |      17 |   0.0 |  2370
           D:6 |       0 |    1459 |   0.0 |       0 |      31 |   0.0 |  1420
           D:7 |       0 |    2101 |   0.0 |       0 |      21 |   0.0 |  1638
           D:8 |       0 |     767 |   0.0 |       0 |      26 |   0.0 |  1485
           D:9 |       0 |    3648 |   0.0 |       0 |      27 |   0.0 |  1008
          D:10 |       0 |    1085 |   0.0 |       0 |      16 |   0.0 |   905
          D:11 |       0 |    5945 |   0.0 |       0 |      40 |   0.0 |  1351
          D:12 |       0 |     703 |   0.0 |       0 |       7 |   0.0 |   113
        Lair:1 |       0 |    2853 |   0.0 |       0 |      15 |   0.0 |  1392
       Ossuary |       0 |     749 |   0.0 |       0 |      37 |   0.0 |   322
         IceCv |       0 |    4812 |   0.0 |       0 |      19 |   0.0 |  2108
               +---------+---------+-------+---------+---------+-------+---------
